 Dungeon Crawl Stone Soup version 0.27-a0-396-g03f4e8edb7 (webtiles) character file.

Game seed: 18025072986715922754

142 Morbidden the Sneak (level 5, 23/39 HPs)
             Began as a Demonspawn Brigand on Feb 21, 2021.
             Quit the game on level 2 of the Dungeon.
             The game lasted 00:01:56 (1284 turns).

Morbidden the Sneak (Demonspawn Brigand)            Turns: 1284, Time: 00:01:57

Health: 23/39      AC:  4    Str: 11    XL:     5   Next: 3%
Magic:  6/6        EV: 12    Int: 20    God:
Gold:   78         SH:  0    Dex: 14    Spells: 5/5 levels left

rFire    . . .     SeeInvis .   k - +1 dagger (venom)
rCold    . . .     Faith    .   (no shield)
rNeg     . . .     Spirit   .   b - +0 robe
rPois    .         Reflect  .   (helmet restricted)
rElec    .         Harm     .   c - +0 cloak
rCorr    .         Rampage  .   f - +0 pair of gloves
Will     .....                  (no boots)
Stlth    +++.......             (no amulet)
HPRegen  0.13/turn              h - +6 ring of intelligence
MPRegen  0.10/turn              (no ring)

@: mildly poisoned (23 -> 21)
A: antennae 1, claws 1, powered by pain 2
a: no special abilities


You were on level 2 of the Dungeon.
You visited 1 branch of the dungeon, and saw 2 of its levels.

You collected 78 gold pieces.

Inventory:

Hand Weapons
 k - a +1 dagger of venom (weapon)
Missiles
 d - 8 poisoned darts (quivered)
 e - 2 curare-tipped darts
Armour
 b - a +0 robe (worn)
 c - a +0 cloak (worn)
 f - a +0 pair of gloves (worn)
 g - a +0 helmet
Jewellery
 h - a +6 ring of intelligence (left hand)
Scrolls
 l - 2 scrolls of identify {unknown}
 m - a scroll of blinking {unknown}
Potions
 a - a potion of brilliance {unknown}
 i - 2 potions of lignification {unknown}
 j - 2 potions of flight {unknown}


   Skills:
 * Level 2.5 Fighting
 + Level 2.4 Short Blades
 + Level 2.0 Throwing
 * Level 1.6 Dodging
 + Level 4.9 Stealth
 * Level 0.1 Unarmed Combat
 * Level 0.8 Spellcasting


You had 5 spell levels left.
You didn't know any spells.
Your spell library was empty.

Dungeon Overview and Level Annotations

Branches:
Dungeon (2/15)

Altars:


Innate Abilities, Weirdness & Mutations

You have a pair of small antennae on your head.
You have sharp fingernails.
You sometimes gain power by taking damage.


Message History

You hit the adder but do no damage.
The adder is poisoned.
The adder misses you.
You closely miss the adder. The adder bites you but does no damage.
You barely miss the adder. The adder closely misses you.
Unknown command.
You closely miss the adder. The adder closely misses you.
You closely miss the adder.
The adder is lightly wounded.
The adder bites you. x2
You are poisoned.
The adder poisons you!
Unknown command.
You hit the adder.
The adder looks even sicker.
The adder is moderately wounded.
You feel sick. The adder bites you.
You hit the adder.
The adder is heavily wounded.
The adder bites you.
You closely miss the adder.
The adder is heavily wounded.
You feel sick. The adder bites you but does no damage.
You closely miss the adder.
The adder is heavily wounded.
The quokka twitches its whiskers.
The adder bites you but does no damage.
Unknown command.
You hit the adder but do no damage.
The adder looks as sick as possible!
The adder is heavily wounded.
The adder closely misses you.
Unknown command.
You completely miss the adder.
The adder is severely wounded.
You feel sick.
You kill the adder!
You have reached level 5!
Your demonic ancestry asserts itself...
A pair of antennae grows on your head!
Your +0 helmet falls away!
Unknown command.
Are you sure you want to abandon this character and quit the game? (Confirm with "yes".)

... #.# ..r ###.#
#..h# #.#.# #g).# #
##.#####.#.###
#..rg@......#
#..######.#.# #..#
#.#.# #..# #.#.#
#..# #.#.#
##..######...#
##.###.........#..#
.........#####.#..#
########.####.....#


You could see a quokka and a goblin.

Vanquished Creatures
  An ogre (D:2)
  An adder (D:2)
  A gnoll (D:1)
  3 oozes (D:1)
  A dart slug (D:2)
  5 bats
  3 giant cockroaches (D:1)
  3 hobgoblins
  4 jackals
  A ball python (D:2)
  2 frilled lizards (D:1)
  3 goblins (D:1)
  4 kobolds (D:1)
  A rat (D:1)
33 creatures vanquished.

Notes
Turn   | Place    | Note
-------+----------+-------------------------------------------
     0 | D:1      | Morbidden the Demonspawn Brigand began the quest for the
                  | Orb.
     0 | D:1      | Reached XP level 1. HP: 16/16 MP: 1/1
   182 | D:1      | Reached skill level 4 in Stealth
   182 | D:1      | Gained mutation: You sometimes gain a little power by
                  | taking damage. [demonic ancestry]
   182 | D:1      | Reached XP level 2. HP: 5/22 MP: 2/2
   522 | D:1      | Reached skill level 1 in Dodging
   696 | D:1      | Gained mutation: You sometimes gain power by taking damage.
                  | [demonic ancestry]
   696 | D:1      | Reached XP level 3. HP: 27/27 MP: 3/3
  1191 | D:2      | Noticed an ogre
  1196 | D:2      | Killed an ogre
  1197 | D:2      | Gained mutation: You have sharp fingernails. [demonic
                  | ancestry]
  1197 | D:2      | Reached XP level 4. HP: 34/34 MP: 3/5
  1284 | D:2      | Gained mutation: You have a pair of small antennae on your
                  | head. [demonic ancestry]
  1284 | D:2      | Reached XP level 5. HP: 23/39 MP: 6/6
  1284 | D:2      | Quit the game

Illustrated notes

Levels and vault maps discovered:
D:1:      psy_arrival_whirlpool, layout_loops_ring,
          minmay_misc_feat_more_columns, chequers_avenue
D:2:      layout_loops_ring, minmay_tromino_v4_c, uniq_terence, uniq_jessica

Skill      XL: |  1  2  3 |
---------------+----------+-----
Short Blades   | 2 |  2.4
Stealth        | 4 |  4.9
Dodging        | 1 |  1.6
Throwing       | 2 |  2.0
Fighting       | |  2.5
Unarmed Combat | |  0.1
Spellcasting   | |  0.8

Action                   |  1- 3 |  4- 6 || total
-------------------------+-------+-------++-------
Melee: Dagger            |    71 |    26 ||    97
 Stab: Sleeping          |     6 |       ||     6
Armor: Robe              |    15 |     8 ||    23
Dodge: Dodged            |    38 |    18 ||    56

Table legend: (Time is in decaauts)
 A = Elapsed time spent in this place.
 B = Non-inter-level travel time spent in this place.
 C = Inter-level travel time spent in this place.
 D = Time resting spent in this place.
 E = Time spent auto-exploring this place.
 F = Levels seen in this place.
 G = Mean time per level.
                   A        B        C        D        E       F      G
               +--------+--------+--------+--------+--------+-----+--------+
         Total |   1271 |   1261 |     10 |      0 |   1018 |   2 |  635.5 |
       Dungeon |   1271 |   1261 |     10 |      0 |   1018 |   2 |  635.5 |
               +--------+--------+--------+--------+--------+-----+--------+

Top non-repeatable levels by time:
     D:1: 1173 daAuts
     D:2: 98 daAuts
